Map: Heavy Artillery LE

Players

qqq - Winner!

  • Race: Zerg Zerg
  • Spawn Location: 3:00

Massa - Winner!

  • Race: Terran Terran
  • League: Platinum
  • Spawn Location: 1:00

Governorth

  • Race: Terran Terran
  • League: Diamond
  • Spawn Location: 7:00

caeciliidae

  • Race: Terran Terran
  • Spawn Location: 7:00

VOD

Have the link to the VOD?

Description

Time

  • Played on: March 19, 2021, 12:49 p.m.
  • Length: 22:24
Show
View Real Time Build Order
Export as new Build Order

qqq Zerg - Winner!

Build Orders: Hatch First, Brood Lord Corruptor, Lurkers 

Get SALT Encoding   

  12  0:04  Drone  
  13  0:17  Drone  
  13  0:21  Overlord  
  14  0:49  Hatchery  
  13  0:53  Drone  
  13  0:54  Drone  
  13  0:56  Drone  
  16  1:21  Extractor, Spawning Pool  
  16  1:22  Drone  
  16  1:24  Drone  
  16  1:38  Extractor  
  16  1:39  Drone x2  
  17  1:49  Drone  
  18  1:57  Extractor  
  18  1:59  Drone  
  19  2:06  Drone  
  20  2:08  Queen  
  20  2:12  Queen  
  24  2:15  Drone  
  24  2:18  Extractor  
  24  2:19  Drone  
  26  2:26  Overlord  
  26  2:33  Extractor  
  26  2:37  Metabolic Boost  
  26  2:39  Drone x2  
  28  2:45  Overlord  
  29  2:52  Extractor  
  28  3:04  Drone  
  28  3:05  Hatchery, Drone  
  29  3:07  Extractor  
  29  3:09  Drone  
  29  3:11  Drone  
  31  3:19  Lair  
  31  3:26  Drone x2, Extractor  
  32  3:27  Drone  
  32  3:31  Drone  
  34  3:36  Drone  
  34  3:37  Overlord  
  34  3:40  Zergling x2  
  36  3:41  Zergling x2  
  36  3:45  Zergling x4  
  36  3:47  Zergling x2  
  40  3:51  Zergling x2  
  40  3:52  Zergling x2  
  42  3:57  Zergling x2  
  42  3:58  Zergling x2  
  42  3:59  Zergling x2  
  42  4:00  Zergling x2  
  46  4:05  Zergling x4  
  46  4:06  Zergling x2  
  49  4:10  Zergling x2  
  49  4:11  Zergling x2  
  51  4:22  Spire  
  50  4:26  Zergling x2  
  50  4:27  Infestation Pit  
  50  4:28  Zergling x2  
  51  4:33  Drone x2  
  51  4:34  Zergling x2  
  51  4:36  Zergling x2  
  55  4:46  Drone x3  
  58  4:55  Overlord x2  
  58  4:56  Overlord  
  57  5:15  Swarm Host  
  57  5:20  Overlord  
  57  5:21  Overlord  
  69  5:25  Extractor  
  69  5:26  Extractor  
  69  5:27  Queen  
  69  5:29  Drone  
  66  5:49  Drone  
  73  5:50  Drone x4  
  73  5:56  Spore Crawler  
  71  6:23  Drone  
  71  6:24  Drone  
  76  6:28  Hatchery  
  76  6:30  Swarm Host  
  76  6:31  Drone  
  79  6:37  Burrow  
  79  6:39  Overseer  
  79  6:47  Hatchery, Swarm Host  
  81  6:52  Drone  
  88  6:54  Drone  
  79  7:27  Hydralisk Den  
  78  7:32  Zergling x2  
  78  7:33  Zergling x14  
  78  7:34  Zergling x8  
  90  7:41  Overlord x5  
  90  8:15  Hydralisk x3, Zergling x10  
  90  8:16  Hydralisk x4  
  109  8:29  Drone x3  
  109  8:30  Queen  
  109  8:31  Drone x2  
  116  8:34  Drone x2  
  105  8:49  Spore Crawler  
  105  8:52  Spine Crawler  
  105  8:54  Spine Crawler  
  102  8:57  Hydralisk, Zergling x4  
  102  8:59  Drone  
  107  9:05  Queen, Evolution Chamber  
  108  9:13  Hive  
  108  9:14  Drone, Evolution Chamber  
  108  9:15  Drone  
  109  9:30  Pneumatized Carapace  
  109  9:32  Drone x4  
  109  9:33  Drone x5  
  117  10:04  Drone x4  
  117  10:05  Drone x2  
  123  10:07  Drone  
  123  10:08  Drone x7  
  123  10:09  Drone x2  
  133  10:19  Zerg Ground Armor Level 1  
  133  10:20  Zerg Missile Weapons Level 1  
  127  10:23  Drone x5  
  127  10:24  Drone  
  127  10:26  Lurker Den  
  89  10:46  Hydralisk x6  
  89  10:47  Zergling x2  
  89  10:48  Zergling x2  
  97  10:54  Ultralisk Cavern  
  97  10:56  Greater Spire  
  96  10:59  Extractor  
  96  11:00  Extractor  
  96  11:02  Spine Crawler x2, Zergling x4  
  96  11:03  Drone x3, Spine Crawler  
  96  11:05  Spine Crawler  
  95  11:17  Corruptor x3  
  101  11:18  Corruptor  
  101  11:25  Corruptor x2  
  103  11:31  Corruptor x2  
  111  11:43  Hatchery, Corruptor  
  111  11:45  Ultralisk  
  118  11:49  Lurker x3  
  121  11:54  Drone x3  
  121  12:00  Extractor  
  121  12:01  Drone x2, Extractor  
  124  12:13  Zerg Melee Weapons Level 1  
  126  12:15  Brood Lord  
  126  12:16  Brood Lord  
  124  12:51  Corruptor x2  
  124  12:55  Brood Lord  
  124  12:56  Overlord x6  
  124  12:57  Overlord x2  
  128  13:28  Brood Lord x3  
  128  13:29  Brood Lord x3  
  128  13:31  Zergling x8  
  128  13:32  Drone x3, Zergling x4  
  128  13:33  Drone x8  
  128  13:34  Drone x5  
  162  13:41  Lurker x2  
  162  13:43  Zergling x8  
  162  13:44  Drone x3, Zergling x2  
  172  13:56  Hatchery  
  172  13:57  Hatchery  
  172  13:58  Anabolic Synthesis  
  170  14:03  Drone, Zergling x8  
  170  14:04  Drone x3, Zergling x8  
  170  14:09  Zerg Flyer Armor Level 1  
  182  14:29  Seismic Spines  
  182  14:39  Corruptor x3  
  182  14:40  Drone x2  
  182  14:41  Drone x2, Chitinous Plating  
  182  14:42  Overlord x5  
  165  15:25  Corruptor x4  
  159  15:45  Corruptor  
  159  15:46  Corruptor x6  
  159  15:47  Zergling x6  
  166  15:59  Corruptor  
  166  16:00  Corruptor  
  158  16:20  Brood Lord  
  158  16:25  Drone x6  
  164  16:26  Drone x2, Corruptor x2  
  172  16:42  Brood Lord  
  174  16:50  Zerg Flyer Weapons Level 1  
  173  17:00  Brood Lord  
  174  17:22  Brood Lord  
  176  17:25  Brood Lord  
  178  17:33  Brood Lord  
  180  17:46  Corruptor x2  
  180  17:48  Drone, Zergling x8  
  180  17:49  Drone x5  
  192  17:54  Extractor x2  
  192  17:57  Extractor  
  192  17:58  Extractor  
  188  18:02  Corruptor x2  
  178  18:15  Corruptor  
  172  18:23  Zergling x8  
  172  18:24  Zergling x10  
  179  18:38  Corruptor  
  179  18:39  Corruptor x2  
  154  18:49  Corruptor  
  156  19:13  Corruptor x4  
  164  19:22  Zerg Flyer Armor Level 2  
  164  19:29  Spore Crawler  
  164  19:30  Spore Crawler  
  162  19:33  Spore Crawler x2  
  162  19:36  Spore Crawler x2  
  162  19:37  Spore Crawler x2  
  156  19:40  Spore Crawler, Corruptor x5  
  156  19:41  Spore Crawler  
  164  19:50  Spore Crawler  
  164  19:51  Spore Crawler  
  159  19:53  Spore Crawler  
  159  19:54  Spore Crawler  
  159  19:55  Spore Crawler x3  
  159  19:57  Corruptor x2  
  159  19:58  Corruptor x2  
  159  20:03  Corruptor  
  148  20:08  Corruptor  
  148  20:12  Corruptor  
  142  20:16  Corruptor  
  127  20:29  Corruptor  
  127  20:30  Corruptor x2  
  132  20:37  Corruptor  
  126  20:43  Corruptor x2  
  126  20:48  Corruptor  
  132  20:50  Drone x3  
  132  20:51  Drone, Zergling x8  
  132  20:52  Zergling x10  
  141  21:11  Spore Crawler x2  
  137  21:25  Spore Crawler  
  136  21:28  Corruptor x5  
  136  21:29  Corruptor  
  148  21:37  Zergling x2  
  148  21:38  Zergling x14  
  148  21:39  Hatchery, Zergling x4  
Show
View Real Time Build Order
Export as new Build Order

Massa Terran - Winner!

Build Orders:  

Get SALT Encoding   

  12  0:00  SCV  
  13  0:12  SCV  
  14  0:23  Supply Depot  
  14  0:25  SCV  
  15  0:41  Refinery  
  15  0:45  SCV  
  15  0:46  Barracks  
  16  0:57  SCV  
  17  1:09  SCV  
  18  1:21  SCV  
  19  1:32  Refinery  
  19  1:33  SCV, Reaper  
  21  1:45  Command Center  
  21  1:52  Orbital Command  
  21  2:05  Supply Depot  
  21  2:15  Factory  
  21  2:19  Barracks Reactor  
  21  2:23  SCV  
  22  2:35  SCV  
  23  2:49  SCV  
  24  3:01  SCV  
  25  3:08  Orbital Command, Barracks Tech Lab  
  25  3:13  SCV  
  25  3:14  Starport  
  25  3:18  Engineering Bay  
  25  3:19  Hellion  
  28  3:22  Hellion  
  28  3:25  SCV  
  28  3:26  Stimpack  
  31  3:37  SCV  
  31  3:39  SCV  
  31  3:40  Hellion  
  35  3:46  Missile Turret  
  35  3:48  Hellion  
  37  3:49  SCV  
  37  3:52  Missile Turret  
  38  3:59  Marine  
  38  4:01  Hellion  
  38  4:02  SCV x2  
  43  4:04  Starport Tech Lab  
  45  4:27  Widow Mine, Marine  
  46  4:35  Supply Depot  
  46  4:37  Barracks  
  46  4:38  Supply Depot  
  46  4:53  Terran Infantry Weapons Level 1  
  46  4:57  Widow Mine x2, SCV x2, Marine  
  46  4:59  Raven  
  53  5:00  Barracks  
  55  5:09  SCV x2  
  55  5:10  Corvid Reactor  
  55  5:13  Starport  
  57  5:16  Combat Shield  
  57  5:19  Marauder  
  59  5:35  Factory Tech Lab  
  59  5:37  Barracks  
  59  5:51  Refinery  
  59  5:52  Refinery  
  59  6:05  Siege Tank  
  59  6:09  Barracks Reactor  
  59  6:10  Barracks Tech Lab  
  59  6:11  Command Center  
  62  6:17  Missile Turret  
  62  6:24  Starport Reactor  
  62  6:51  Concussive Shells  
  62  7:02  SCV x2  
  62  7:03  Engineering Bay  
  62  7:06  Marauder  
  62  7:18  Barracks  
  62  7:21  Barracks  
  62  7:22  SCV x2, Raven, Marine x2, Viking x2, Siege Tank  
  77  7:23  Marauder  
  77  7:24  Barracks  
  77  7:27  Supply Depot  
  77  7:29  Supply Depot  
  77  7:30  Orbital Command  
  77  7:31  Supply Depot  
  77  7:34  Marauder  
  77  7:48  SCV x2, Marauder, Marine  
  82  7:54  Siege Tank  
  82  7:56  Marauder  
  82  7:58  Marine  
  82  8:01  SCV  
  82  8:02  SCV x2  
  85  8:06  Marine  
  85  8:08  Missile Turret  
  85  8:09  Raven  
  85  8:10  Marauder  
  90  8:14  SCV x3  
  93  8:27  Barracks Reactor, Barracks Tech Lab x2  
  93  8:40  Supply Depot  
  93  8:42  Supply Depot x2  
  95  9:38  Marauder  
  95  9:39  Marauder x3, Marine x2  
  95  9:40  Raven  
  95  9:41  Starport Reactor  
  105  9:52  Armory  
  101  9:57  Terran Infantry Armor Level 1, Missile Turret x2  
  101  9:58  Missile Turret  
  103  10:00  Marauder x4  
  103  10:06  Missile Turret  
  109  10:08  Missile Turret  
  109  10:13  Refinery  
  109  10:14  Refinery  
  109  10:21  Command Center  
  109  10:24  Supply Depot  
  109  10:25  Supply Depot x2  
  109  10:28  Supply Depot  
  109  10:46  SCV x3, Medivac x3, Siege Tank  
  109  10:47  Marauder  
  109  10:48  Terran Vehicle And Ship Armor Level 1  
  123  10:58  SCV x3  
  126  11:07  Marauder x3, Marine x3  
  126  11:08  Marauder  
  126  11:10  SCV  
  126  11:11  SCV x2  
  140  11:23  SCV  
  141  11:33  Marauder, Viking, Siege Tank  
  141  11:36  Planetary Fortress  
  148  11:40  Missile Turret  
  148  11:50  Terran Infantry Weapons Level 2  
  148  12:01  Missile Turret  
  130  12:40  Command Center  
  130  12:44  Marauder x4, Marine x2  
  102  13:05  Marauder x4, Marine x4  
  93  13:06  Siege Tank  
  99  13:23  Marine x4  
  99  13:26  Marauder  
  99  13:27  Marauder x3  
  110  13:38  Siege Tank  
  110  13:40  Marine  
  110  13:41  Terran Infantry Armor Level 2, Marine, Missile Turret  
  114  13:42  Missile Turret  
  114  13:43  Missile Turret  
  114  13:45  Sensor Tower  
  114  13:46  Sensor Tower, Viking x2  
  119  14:03  Supply Depot x2  
  119  14:04  Planetary Fortress  
  119  14:05  Supply Depot  
  119  14:06  Supply Depot  
  119  14:11  Siege Tank  
  119  14:12  Raven  
  119  14:16  Viking x2  
  128  14:19  Marauder x4, Marine  
  128  14:20  Marine x3  
  140  14:27  Smart Servos, Supply Depot  
  140  14:29  Supply Depot x2  
  140  14:37  Marine x4  
  144  14:40  Marine x3  
  144  14:41  Marauder  
  144  14:43  Siege Tank  
  152  14:55  Marine x4  
  152  14:58  Marine x3  
  159  15:01  Marine  
  155  15:12  Marine  
  156  15:14  Marine x2  
  156  15:15  Siege Tank  
  156  15:16  Marauder x2  
  114  15:46  Drilling Claws  
  114  15:47  Siege Tank  
  108  16:00  Raven, Viking x2  
  108  16:03  Marauder  
  108  16:04  Marauder x3, Marine x4  
  124  16:19  Siege Tank  
  124  16:22  Marine x4  
  124  16:25  Marauder x2, Marine x2  
  137  16:30  Viking x2  
  136  16:39  Marine  
  137  16:51  Siege Tank  
  140  16:56  Marauder, Marine  
  140  16:57  Marauder x3, Marine x3  
  140  16:59  SCV x4  
  156  17:04  Refinery  
  156  17:11  SCV x3  
  156  17:12  SCV  
  156  17:14  Marine  
  156  17:15  Refinery, Marine x3  
  164  17:16  Terran Vehicle And Ship Armor Level 2  
  164  17:17  Terran Infantry Weapons Level 3, Marauder, Terran Infantry Armor Level 3  
  164  17:18  Marauder x3  
  172  17:23  SCV  
  173  17:32  Marine  
  173  17:33  Marine  
  173  17:39  Marauder x4  
  162  17:51  Marine x2  
  147  17:52  Marine x2  
  147  17:53  Thor  
  147  17:55  Raven, Viking  
  151  18:00  Marauder, Marine  
  151  18:01  Marauder x2  
  156  18:09  Marine x4  
  154  18:18  Marine  
  144  18:21  Marine  
  144  18:22  Marine x2  
  144  18:27  Marine x4  
  138  18:36  Marine, Thor  
  138  18:39  Marine x3, Command Center  
  148  18:44  Marine  
  148  18:45  Marine x3  
  152  18:54  Marine  
  152  18:55  Raven, Viking  
  155  18:56  Viking  
  155  18:57  Marine x3  
  155  19:02  Marine  
  162  19:03  Marine  
  157  19:30  Marine  
  157  19:31  Marauder, Marine x6  
  160  19:33  Thor  
  172  19:48  Raven, Marine  
  172  19:49  Marauder x2, Marine x4, Viking x2  
  172  19:52  Marine  
  182  20:06  Marine x2  
  182  20:07  Marine x3  
  134  20:09  Marine  
  134  20:10  Marine x2  
  128  20:16  Thor  
  128  20:19  Viking x2  
  130  20:24  Marine x5  
  130  20:27  Marine  
  130  20:28  Marine x2  
  129  20:31  Viking  
  116  20:42  Marine  
  117  20:44  Factory  
  117  20:46  Factory  
  117  20:48  Planetary Fortress, Missile Turret  
  117  20:49  Missile Turret x2  
  117  20:58  Thor  
  117  21:03  Raven  
  125  21:05  Viking x2  
  125  21:09  Marine x5  
  134  21:47  Missile Turret  
  136  21:48  Missile Turret  
  136  21:51  Missile Turret  
  136  21:55  Refinery  
  136  21:56  Refinery  
  136  22:11  Missile Turret  
Show
View Real Time Build Order
Export as new Build Order

Governorth Terran 

Build Orders: Reaper Expand 

Get SALT Encoding   

  12  0:01  SCV  
  13  0:13  SCV  
  14  0:17  Supply Depot  
  14  0:25  SCV  
  15  0:38  SCV  
  15  0:41  Barracks  
  16  0:51  Refinery, SCV  
  17  1:03  SCV  
  18  1:15  SCV  
  19  1:28  Orbital Command  
  19  1:35  Reaper  
  20  1:43  Command Center  
  20  1:55  SCV  
  21  2:09  SCV, Supply Depot  
  21  2:14  Marine  
  23  2:17  Factory  
  23  2:30  SCV  
  24  2:41  Refinery  
  23  2:48  SCV  
  24  2:51  Barracks Reactor  
  24  2:56  Orbital Command  
  24  3:02  Engineering Bay  
  24  3:05  Factory Tech Lab  
  24  3:10  SCV  
  25  3:20  Barracks  
  25  3:21  Barracks  
  25  3:22  SCV  
  25  3:23  SCV  
  27  3:28  Siege Tank  
  27  3:29  Marine x2  
  27  3:33  Missile Turret  
  32  3:34  SCV  
  32  3:35  SCV  
  32  3:38  Refinery  
  34  3:46  SCV  
  34  3:47  SCV, Terran Infantry Weapons Level 1  
  34  3:48  Marine x2  
  38  3:58  SCV  
  38  4:00  SCV  
  40  4:09  Marine x2  
  42  4:10  SCV  
  42  4:11  Barracks Tech Lab  
  42  4:13  Barracks Tech Lab  
  42  4:14  Siege Tank  
  46  4:20  Supply Depot  
  46  4:22  Supply Depot  
  46  4:33  SCV x2, Marine x2  
  46  4:35  Marauder x2  
  54  4:39  Stimpack  
  54  4:44  Combat Shield  
  54  4:45  SCV x2  
  56  4:50  Marine x2  
  58  5:01  Starport  
  58  5:03  Marauder  
  58  5:04  Marauder  
  62  5:16  SCV  
  62  5:18  SCV  
  64  5:24  Command Center  
  64  5:26  Engineering Bay  
  64  5:28  SCV  
  65  5:31  Armory  
  65  5:36  Supply Depot  
  65  5:40  Supply Depot  
  65  5:49  Siege Tank  
  68  5:50  Starport Reactor  
  68  5:51  Marauder  
  70  5:57  SCV, Marauder, Marine  
  70  5:59  Refinery  
  70  6:00  Terran Infantry Armor Level 1  
  74  6:09  Supply Depot  
  74  6:12  Supply Depot  
  74  6:15  Marauder, Marine, Supply Depot  
  77  6:18  SCV  
  77  6:19  SCV  
  79  6:26  Terran Infantry Weapons Level 2  
  79  6:34  Medivac  
  79  6:36  SCV x2  
  84  6:41  Orbital Command  
  83  6:48  SCV x2, Missile Turret  
  85  6:59  Missile Turret  
  85  7:00  SCV  
  86  7:02  Marauder  
  86  7:03  Marauder  
  86  7:05  Terran Ship Weapons Level 1  
  90  7:09  Medivac x2  
  90  7:13  Marine  
  90  7:14  Marine  
  93  7:18  Siege Tank  
  94  7:23  Marine x2  
  94  7:26  SCV x3  
  94  7:27  Supply Depot  
  94  7:29  Refinery  
  99  7:31  Refinery, Supply Depot  
  99  7:34  Marine x2  
  101  7:38  Medivac  
  101  7:39  SCV  
  101  7:41  Marine  
  101  7:42  Medivac  
  107  7:47  Marauder  
  109  8:03  Marine x3  
  109  8:04  Siege Tank  
  115  8:12  Barracks x2  
  115  8:13  SCV x3  
  115  8:14  Barracks  
  115  8:15  Barracks  
  115  8:18  Command Center  
  118  8:25  SCV x3  
  121  8:34  Marine x4  
  119  8:40  SCV  
  119  8:41  SCV x2  
  120  8:52  SCV, Marauder, Marine  
  120  8:53  SCV x2  
  124  9:01  Barracks Reactor x2, Marine x2  
  126  9:05  SCV  
  126  9:07  Terran Infantry Weapons Level 3, Terran Infantry Armor Level 2, Supply Depot  
  126  9:09  Marauder  
  129  9:10  Supply Depot x2  
  129  9:11  Barracks Reactor  
  129  9:13  Medivac x2  
  129  9:14  Marauder  
  135  9:20  Supply Depot x2  
  135  9:21  Supply Depot  
  125  9:31  Marauder  
  122  9:34  Marine  
  122  9:35  Marine x2  
  122  9:37  Barracks Reactor  
  125  9:41  Siege Tank  
  125  9:43  Medivac  
  128  9:47  Medivac  
  128  9:52  Marauder  
  130  9:53  Marauder  
  132  10:00  Marine x6  
  132  10:01  Marine x2  
  140  10:09  Starport  
  140  10:13  Marauder, Marine x2, Medivac  
  146  10:14  Marine  
  146  10:17  Planetary Fortress  
  146  10:18  Marine x2  
  149  10:23  SCV  
  149  10:24  SCV x2  
  152  10:35  SCV, Marine x2  
  154  10:36  SCV x2  
  157  10:48  Medivac  
  157  10:49  Medivac  
  163  10:50  Marauder x2, Marine x4  
  163  10:51  Marine x4  
  163  10:53  Marine x2  
  172  11:08  Marine x3  
  172  11:09  Siege Tank  
  180  11:11  Marauder  
  180  11:17  Marine x3  
  180  11:18  Marine x4  
  187  11:20  Marauder  
  187  11:21  Viking x2  
  193  11:31  SCV x3  
  193  11:32  SCV  
  197  11:41  Refinery, Siege Tank  
  197  11:45  Refinery  
  200  11:55  Terran Infantry Armor Level 3  
  200  12:27  Starport  
  200  12:28  Starport  
  200  12:29  Starport  
  200  12:34  Starport, Terran Ship Weapons Level 2  
  169  13:09  Marauder x2  
  169  13:10  Marine  
  158  13:24  Marine x3  
  158  13:25  Marine  
  150  13:31  Marauder x2  
  152  13:41  Starport Tech Lab x3  
  152  13:44  Marine  
  152  13:45  Marine x3  
  156  13:48  Fusion Core  
  156  13:53  Marauder x2  
  160  13:57  Command Center  
  160  14:18  Starport Tech Lab  
  160  14:32  Fusion Core  
  160  14:35  Battlecruiser x3  
  160  14:36  Battlecruiser x2  
  160  14:38  Starport Tech Lab  
  190  14:51  Marine x3  
  190  14:52  Marine x3  
  177  15:02  Marine x2  
  173  15:13  Battlecruiser  
  178  15:17  Marine x8  
  186  15:27  Marine x3  
  159  15:38  Marine x5  
  159  15:39  Marine, Battlecruiser  
  159  15:40  Battlecruiser x4  
  156  15:57  Marine x7  
  156  15:58  Marine x2  
  156  16:03  Marauder x2  
  169  16:13  Marine  
  169  16:15  Hellion x2, Marine  
  169  16:17  Battlecruiser  
  163  16:19  Weapon Refit  
  163  16:24  Marauder x2  
  167  16:25  Orbital Command  
  167  16:29  Refinery  
  161  16:39  Marine x6  
  162  16:40  Marine x4  
  162  16:44  Battlecruiser x4  
  162  16:45  Marine x2  
  162  16:46  Terran Ship Weapons Level 3  
  197  16:51  Battlecruiser  
  200  16:55  Refinery  
  200  16:57  Marine x2  
  181  17:15  Armory  
  181  17:22  Battlecruiser  
  187  17:26  Marine  
  187  17:27  Marine x2  
  141  17:48  Marine, Battlecruiser x2  
  141  17:49  Marine x11  
  144  18:06  Marine  
  144  18:07  Marine x8  
  144  18:09  Battlecruiser x3  
  144  18:10  Marine  
  144  18:11  Marine x2  
  167  18:24  Marine x4  
  167  18:25  Marine x5  
  167  18:26  Battlecruiser  
  179  18:27  Terran Vehicle And Ship Armor Level 1  
  179  18:28  Marine  
  179  18:29  Marine  
  181  18:36  SCV  
  182  18:48  SCV  
  182  18:52  Battlecruiser x2  
  182  18:53  Marine x5  
  200  19:42  Command Center  
  200  19:43  Command Center  
  125  20:15  Battlecruiser x3  
  125  20:16  Marine x9  
  125  20:17  Marine x3  
  134  20:31  Viking x3  
  134  20:33  Marine  
  134  20:34  Marine  
  130  21:01  Viking  
  132  21:14  Refinery  
  120  21:18  Refinery  
  120  21:20  Marine x6  
  120  21:21  Marine x4  
  120  21:22  Marine  
  131  21:26  SCV  
  132  21:37  Marine  
  132  21:38  SCV  
  146  21:46  Refinery, Orbital Command  
  146  21:50  SCV  
  147  22:02  SCV  
Show
View Real Time Build Order
Export as new Build Order

caeciliidae Terran 

Build Orders: 2 Factory, Cyclone Opening 

Get SALT Encoding   

  12  0:06  SCV  
  13  0:18  SCV  
  14  0:23  Supply Depot  
  14  0:30  SCV  
  15  0:45  SCV  
  16  0:52  Refinery, Barracks  
  16  0:56  Refinery  
  16  0:57  SCV  
  17  1:09  SCV  
  18  1:21  SCV  
  18  1:33  SCV  
  19  1:40  Supply Depot  
  19  1:42  Factory  
  19  1:46  Barracks Tech Lab  
  20  1:50  Orbital Command  
  19  2:06  Factory  
  19  2:17  SCV  
  20  2:29  SCV  
  21  2:34  Cyclone, Barracks Tech Lab  
  24  2:41  SCV  
  25  2:46  Mag-Field Accelerator  
  25  3:02  Cyclone  
  28  3:22  Cyclone  
  28  3:26  Command Center  
  31  3:46  Supply Depot  
  31  3:47  Supply Depot  
  31  4:07  Cyclone x2  
  37  4:13  Supply Depot  
  37  4:39  Cyclone  
  40  4:54  Cyclone  
  43  5:04  Orbital Command  
  43  5:12  SCV, Cyclone  
  47  5:24  SCV  
  48  5:31  Supply Depot  
  48  5:36  SCV  
  50  5:42  SCV  
  50  5:45  Refinery  
  50  5:46  Infernal Pre-Igniter  
  50  5:48  SCV, Factory  
  51  5:54  SCV  
  52  6:00  SCV  
  53  6:07  SCV  
  54  6:12  SCV  
  55  6:18  Supply Depot  
  55  6:19  SCV, Supply Depot  
  55  6:24  SCV  
  57  6:31  SCV  
  57  6:32  Factory Reactor  
  58  6:33  Hellion  
  58  6:36  SCV  
  61  6:40  Refinery, Hellion  
  61  6:43  SCV  
  61  6:44  Armory  
  64  6:48  SCV  
  64  6:52  Armory  
  65  6:55  SCV, Hellion  
  65  7:00  SCV  
  69  7:07  SCV  
  67  7:14  Command Center  
  64  7:17  Hellion x2  
  68  7:23  Hellion  
  68  7:25  SCV  
  68  7:26  SCV  
  72  7:36  Hellion  
  74  7:38  Hellion  
  74  7:39  Terran Vehicle Weapons Level 1  
  74  7:42  Terran Vehicle And Ship Armor Level 1  
  70  7:57  Cyclone, Hellion  
  70  7:58  Hellion  
  71  8:12  Hellion  
  73  8:17  Factory  
  73  8:19  Hellion x2  
  75  8:24  Factory  
  75  8:29  Hellion  
  77  8:40  Cyclone  
  80  8:43  Orbital Command  
  80  8:57  Hellion x2  
  80  8:58  Hellion  
  80  8:59  Smart Servos  
  86  9:07  Supply Depot  
  86  9:09  Supply Depot  
  86  9:10  Factory Tech Lab, Factory Reactor  
  86  9:12  Cyclone  
  89  9:27  Cyclone  
  92  9:32  Supply Depot  
  92  9:35  Terran Vehicle Weapons Level 2  
  86  9:44  Cyclone  
  87  9:48  Cyclone  
  87  9:52  Hellion x4  
  98  9:59  Cyclone  
  98  10:01  Orbital Command  
  98  10:13  Hellion x4  
  106  10:16  Cyclone  
  106  10:20  Cyclone  
  106  10:31  Cyclone  
  97  10:44  Hellion x10  
  97  10:47  Hellion x2  
  97  10:49  Cyclone  
  104  10:51  SCV  
  104  10:52  SCV x2, Cyclone  
  96  11:03  Cyclone  
  96  11:04  SCV x3  
  99  11:16  SCV x3  
  102  11:21  Cyclone  
  102  11:24  Cyclone  
  108  11:28  SCV  
  108  11:30  Factory  
  108  11:31  Factory  
  109  11:34  Terran Vehicle And Ship Armor Level 2  
  109  11:35  Cyclone  
  112  11:41  SCV x3  
  115  11:53  Cyclone  
  118  11:56  Cyclone  
  121  12:07  Cyclone  
  120  12:25  Cyclone  
  120  12:28  Cyclone  
  79  12:31  Hellion x4  
  79  12:33  Refinery x2  
  87  12:39  Command Center, Siege Tank  
  87  12:41  Command Center  
  90  12:48  Terran Vehicle Weapons Level 3  
  90  12:52  Hellion x4  
  90  12:57  Factory Tech Lab x2, Siege Tank  
  101  13:00  Cyclone  
  101  13:02  SCV x3  
  107  13:11  Siege Tank  
  110  13:13  Hellion  
  110  13:14  SCV x2  
  110  13:15  SCV  
  110  13:17  Thor  
  121  13:26  SCV  
  122  13:29  Siege Tank  
  122  13:30  Engineering Bay  
  122  13:32  Siege Tank  
  128  13:35  Command Center  
  128  13:36  Siege Tank  
  131  13:47  Siege Tank  
  134  13:51  SCV  
  134  13:52  SCV x2  
  137  13:56  Planetary Fortress  
  137  14:00  Thor, Missile Turret  
  143  14:04  Missile Turret  
  143  14:06  Thor  
  143  14:08  Orbital Command  
  149  14:12  Refinery  
  149  14:20  Thor  
  149  14:22  Refinery  
  155  14:31  Thor  
  161  14:44  Thor  
  167  14:57  Terran Vehicle And Ship Armor Level 3  
  134  15:19  Thor x2  
  110  15:37  Thor  
  71  16:56  Siege Tank x2  
  71  16:57  Siege Tank  
  71  16:58  Siege Tank  
  22  21:24  Command Center  
  22  21:51  Refinery  
  22  21:53  Refinery  
Tags
 
Add a new tag
Caveats
  • Supply blocks, unpowered buildings, or Contaminate may cause inaccurate times.
  • Supply counts are checked every 10 seconds.